 Dungeon Crawl Stone Soup version 0.29.0-4-gdea44cf6ec (webtiles) character file.

Game seed: 17239713638229899742

2706 qw the Blocker (level 9, -3/80 HPs)
             Began as a Troll Cinder Acolyte on Sept 2, 2022.
             Was a Believer of Ignis.
             Slain by Amaemon
             ... wielding a +0 demon whip of venom
              (12 damage)
             ... on level 8 of the Dungeon.
             The game lasted 00:03:19 (6220 turns).

qw the Blocker (Troll Cinder Acolyte)               Turns: 6220, Time: 00:03:19

Health: -3/80      AC: 15    Str: 28    XL:     9   Next: 39%
Magic:  9/9        EV:  3    Int: 10    God:    Ignis [**....]
Gold:   396        SH: 13    Dex:  5    Spells: 10/10 levels left

rFire   + . .      SeeInvis .     - Unarmed
rCold   + . .      Faith    .   c - +0 tower shield
rNeg    + . .      Spirit   .   p - +0 acid dragon scales
rPois   .          Reflect  .   (helmet restricted)
rElec   .          Harm     .   (no cloak)
rCorr   +          Rampage  .   (gloves unavailable)
Will    .....                   (boots unavailable)
Stlth   ..........              (no amulet)
HPRegen 1.03/turn               n - ring of protection from cold
MPRegen 0.11/turn               k - ring of positive energy

@: lethally poisoned (-3 -> -3), grasped by roots, fiery-armoured, constricted
A: large, unfitting armour, claws 3, regeneration 1, shaggy fur 1, tough skin 1
a: Renounce Religion, Fiery Armour, Foxfire Swarm, Rising Flame


You were on level 8 of the Dungeon.
You worshipped Ignis.
Ignis was pleased with you.
You visited 1 branch of the dungeon, and saw 8 of its levels.

You collected 396 gold pieces.


Innate Abilities, Weirdness & Mutations

You are too large for most types of armour.
You have claws for hands.
Your natural rate of healing is unusually fast.
You are covered in fur. (AC +1)
You have tough skin. (AC +1)


   Skills:
 - Level 2.4 Fighting
 - Level 1.2 Throwing
 - Level 2.4 Armour
 - Level 9.5 Shields
 + Level 7.3 Unarmed Combat
 - Level 1.0 Spellcasting
 - Level 2.1 Fire Magic


You had 10 spell levels left.
You didn't know any spells.
Your spell library contained the following spells:

 Spells                   Type           Power      Damage    Failure   Level
 Scorch                   Fire           8%         2d5       73%         2

Inventory:

Missiles
 b - 3 boomerangs (quivered)
Armour
 c - a +0 tower shield (worn)
 p - +0 acid dragon scales (worn)
Jewellery
 k - a ring of positive energy (right claw)
 l - a ring of fire
 n - a ring of protection from cold (left claw)
Scrolls
 j - a scroll of identify
 Y - 3 scrolls of enchant weapon
Potions
 d - 5 potions of curing
 e - 2 potions of might
 f - 2 potions of haste
 i - a potion of mutation
 o - a potion of resistance {unknown}

Dungeon Overview and Level Annotations

Branches:
Dungeon (8/15)             Temple (0/1) D:5
   Lair: D:8-11

Altars:
Fedhas
Qazlal
Trog
Zin

Portals:
Abyss: D:5

Annotations:
D:5 2 transporters, qw's ghost, novice TrCA
D:8 Amaemon; Maurice


Message History

Your Armour skill gained 2 levels and is now at level 2!
The scorpion stings you but does no damage.
The scorpion is burned by your cloak of flames.
The scorpion is lightly wounded.
You closely miss the scorpion.
The scorpion is lightly wounded.
You block Amaemon's attack. x2; Amaemon barely misses you.
The scorpion stings you but does no damage.
The scorpion is burned by your cloak of flames.
The scorpion is heavily wounded.
You mangle the scorpion!!
You kill the scorpion!
The scorpion's corpse disappears in a puff of smoke!
Amaemon hits you with a +0 demon whip of venom.
You are poisoned.
Amaemon is burned by your cloak of flames.
Amaemon is lightly wounded.
Amaemon claws you.
Amaemon is burned by your cloak of flames.
Amaemon is lightly wounded.
You block Amaemon's attack.
You mangle Amaemon!!
Amaemon is moderately wounded.
You feel very sick.
Amaemon hits you with a +0 demon whip of venom.
Amaemon is burned by your cloak of flames.
Amaemon is moderately wounded.
You block Amaemon's attack.
Amaemon tail-slaps you but does no damage.
Amaemon is burned by your cloak of flames.
Amaemon is moderately wounded.
You hear a zap.
The roots erupt in riotous growth!
The grasping roots grab you!
Amaemon is unaffected.
You are constricted.
You mangle Amaemon!!
Amaemon is heavily wounded.
You feel sick.
Amaemon hits you with a +0 demon whip of venom!
You die...

###...####
........#
.....(.. .......
##....# .....#
#6ยค..# #@#
#####.###.#
.)..{.....######
###.####{......#
#.#####.# #.#
#.#
#######.#####.#
#......<.>....#


You could see Amaemon.

Vanquished Creatures
  An orange demon (D:8)
  Menkaure (D:7)
  Edmund (D:5)
  An acid dragon (D:7)
  A water moccasin (D:7)
  An orc warrior (D:7)
  2 black bears
  3 ogres
  A centaur (D:6)
  3 phantoms
  2 necrophages
  4 scorpions
  A howler monkey (D:5)
  A jelly (D:6)
  6 hounds
  4 orc priests
  2 iguanas
  6 orc wizards
  8 gnolls (D:4)
  4 adders
  2 shadow imps
  A white imp (D:6)
  A dart slug (D:3)
  16 orcs
  5 endoplasms
  5 giant cockroaches
  8 goblins
  6 hobgoblins
  8 jackals
  7 kobolds
  6 quokkas
  9 ball pythons
  6 bats
  6 frilled lizards
  6 rats
145 creatures vanquished.

Notes
Turn   | Place    | Note
-------+----------+-------------------------------------------
     0 | D:1      | qw the Troll Cinder Acolyte began the quest for the Orb.
     0 | D:1      | Reached XP level 1. HP: 22/22 MP: 1/1
     0 | D:1      | 0 ||| qw: Version: 0.1-a-97-g2dd2ca4
     0 | D:1      | 0 ||| qw: Game counter: 4985
     0 | D:1      | 0 ||| qw: Always use a shield: true
     0 | D:1      | 0 ||| qw: God list: Okawaru
     0 | D:1      | 0 ||| qw: Allow faded altars: false
     0 | D:1      | 0 ||| qw: Do Orc after D:15 true
     0 | D:1      | 0 ||| qw: Do second Lair branch before Depths: true
     0 | D:1      | 0 ||| qw: Lair rune preference: random
     0 | D:1      | 0 ||| qw: Plans: Normal
     0 | D:1      | 0 ||| PLANNING D:1-11
   146 | D:1      | 146 ||| Stepping ~*~*~tactically~*~*~ (stealth).
   200 | D:1      | Reached XP level 2. HP: 29/29 MP: 2/2
   226 | D:1      | 226 ||| Stepping ~*~*~tactically~*~*~ (stealth).
   853 | D:1      | 853 ||| UPGRADING to +0 tower shield.
   858 | D:1      | 858 ||| READING scroll labelled XEGHUN WEATSAIH.
   859 | D:1      | 859 ||| READING scroll labelled YDWOUTS DEAHE.
   875 | D:2      | 875 ||| STAIRDANCE
   880 | D:2      | 880 ||| STAIRDANCE
   883 | D:1      | Reached XP level 3. HP: 36/36 MP: 3/3
   885 | D:2      | 885 ||| STAIRDANCE
   893 | D:2      | 893 ||| STAIRDANCE
   937 | D:2      | Found a faded altar of an unknown god.
  1026 | D:2      | Reached skill level 1 in Shields
  1027 | D:2      | 1027 ||| Stepping ~*~*~tactically~*~*~ (stealth).
  1028 | D:2      | 1028 ||| Stepping ~*~*~tactically~*~*~ (stealth).
  1133 | D:2      | Reached skill level 2 in Shields
  1234 | D:2      | 1234 ||| Stepping ~*~*~tactically~*~*~ (stealth).
  1240 | D:2      | Reached XP level 4. HP: 44/44 MP: 4/4
  1588 | D:2      | 1588 ||| Stepping ~*~*~tactically~*~*~ (stealth).
  1630 | D:2      | 1630 ||| UPGRADING to ring of protection from cold.
  1631 | D:2      | 1631 ||| READING scroll labelled UCHUGO VATAY.
  1632 | D:2      | 1632 ||| READING 4 scrolls of identify.
  1632 | D:2      | 1632 ||| IDENTIFYING fizzy clear potion
  1633 | D:2      | 1633 ||| READING 3 scrolls of identify.
  1633 | D:2      | 1633 ||| IDENTIFYING sapphire potion
  1634 | D:2      | 1634 ||| READING 2 scrolls of identify.
  1634 | D:2      | 1634 ||| IDENTIFYING glowing inky potion
  1635 | D:2      | 1635 ||| DROPPING potion of lignification.
  1679 | D:3      | 1679 ||| Stepping ~*~*~tactically~*~*~ (stealth).
  1713 | D:3      | 1713 ||| Stepping ~*~*~tactically~*~*~ (stealth).
  1760 | D:3      | 1760 ||| Stepping ~*~*~tactically~*~*~ (hiding).
  1776 | D:3      | Reached skill level 3 in Shields
  1796 | D:3      | 1796 ||| Stepping ~*~*~tactically~*~*~ (stealth).
  1805 | D:3      | Reached XP level 5. HP: 50/50 MP: 5/5
  1832 | D:3      | 1832 ||| Stepping ~*~*~tactically~*~*~ (stealth).
  2099 | D:3      | 2099 ||| READING scroll labelled KUYTREEPADU.
  2100 | D:3      | 2100 ||| READING scroll labelled BYUNEQUMIRR.
  2101 | D:3      | 2101 ||| READING 2 scrolls of identify.
  2101 | D:3      | 2101 ||| IDENTIFYING emerald potion
  2102 | D:3      | 2102 ||| READING 2 scrolls of teleportation.
  2197 | D:3      | 2197 ||| Stepping ~*~*~tactically~*~*~ (hiding).
  2485 | D:4      | Found a stormy altar of Qazlal.
  2498 | D:4      | Reached skill level 4 in Shields
  2687 | D:4      | Reached XP level 6. HP: 55/59 MP: 6/6
  2724 | D:4      | Reached skill level 5 in Shields
  2796 | D:4      | 2796 ||| Stepping ~*~*~tactically~*~*~ (hiding).
  2800 | D:4      | 2800 ||| INVOKING Fiery Armour.
  2944 | D:4      | 2944 ||| Stepping ~*~*~tactically~*~*~ (stealth).
  2945 | D:4      | 2945 ||| INVOKING Fiery Armour.
  2946 | D:4      | 2946 ||| Stepping ~*~*~tactically~*~*~ (stealth).
  2948 | D:4      | 2948 ||| Stepping ~*~*~tactically~*~*~ (outnumbered).
  2949 | D:4      | 2949 ||| Stepping ~*~*~tactically~*~*~ (outnumbered).
  2952 | D:4      | 2952 ||| Stepping ~*~*~tactically~*~*~ (outnumbered).
  2953 | D:4      | 2953 ||| Stepping ~*~*~tactically~*~*~ (outnumbered).
  3216 | D:4      | 3216 ||| READING scroll labelled HUOH FATIRGHU.
  3217 | D:4      | 3217 ||| READING scroll labelled JOTWIRGHUNY.
  3218 | D:4      | 3218 ||| READING 3 scrolls of identify.
  3218 | D:4      | 3218 ||| IDENTIFYING orange potion
  3219 | D:4      | 3219 ||| READING 2 scrolls of identify.
  3219 | D:4      | 3219 ||| IDENTIFYING viscous blue potion
  3220 | D:4      | 3220 ||| DROPPING potion of degeneration.
  3256 | D:5      | Entered Level 5 of the Dungeon
  3268 | D:5      | Reached skill level 6 in Shields
  3268 | D:5      | Reached XP level 7. HP: 62/66 MP: 7/7
  3329 | D:5      | Noticed Edmund
  3330 | D:5      | 3330 ||| Stepping ~*~*~tactically~*~*~ (stealth).
  3339 | D:5      | 3339 ||| INVOKING Fiery Armour.
  3345 | D:5      | HP: 14/66 [Edmund/+6 flail of protection (11)]
  3346 | D:5      | 3346 ||| READING 2 scrolls of teleportation.
  3351 | D:5      | 3351 ||| READING scroll of teleportation.
  3354 | D:5      | Reached skill level 7 in Shields
  3419 | D:5      | Found a transporter.
  3461 | D:5      | Found a transporter.
  3484 | D:5      | Noticed qw's ghost (novice TrCA)
  3487 | D:5      | Found a one-way gate to the infinite horrors of the Abyss.
  3561 | D:5      | Found a staircase to the Ecumenical Temple.
  3640 | D:5      | 3640 ||| INVOKING Fiery Armour.
  3644 | D:5      | 3644 ||| Stepping ~*~*~tactically~*~*~ (outnumbered).
  3646 | D:5      | 3646 ||| Stepping ~*~*~tactically~*~*~ (outnumbered).
  3694 | D:5      | Reached XP level 8. HP: 74/74 MP: 8/8
  3694 | D:5      | 3694 ||| Stepping ~*~*~tactically~*~*~ (stealth).
  3696 | D:5      | 3696 ||| Stepping ~*~*~tactically~*~*~ (hiding).
  3697 | D:5      | 3697 ||| Stepping ~*~*~tactically~*~*~ (hiding).
  3897 | D:5      | 3897 ||| INVOKING Fiery Armour.
  3904 | D:5      | Killed Edmund
  3905 | D:5      | Reached skill level 8 in Shields
  4106 | D:5      | 4106 ||| READING scroll labelled NERUNUDUAKH.
  4107 | D:5      | 4107 ||| READING scroll labelled MYJUTH GERAIZI.
  4143 | D:5      | 4143 ||| READING 5 scrolls of identify.
  4143 | D:5      | 4143 ||| IDENTIFYING blue potion
  4144 | D:5      | 4144 ||| READING 4 scrolls of identify.
  4144 | D:5      | 4144 ||| IDENTIFYING metallic amethyst potion
  4145 | D:5      | 4145 ||| READING 3 scrolls of identify.
  4145 | D:5      | 4145 ||| IDENTIFYING lumpy brown potion
  4146 | D:5      | 4146 ||| READING 2 scrolls of identify.
  4146 | D:5      | 4146 ||| IDENTIFYING fuming cyan potion
  4147 | D:5      | 4147 ||| DROPPING potion of invisibility.
  4148 | D:5      | 4148 ||| DROPPING potion of berserk rage.
  4149 | D:5      | 4149 ||| DROPPING potion of magic.
  4150 | D:5      | 4150 ||| DROPPING potion of attraction.
  4182 | D:6      | Reached skill level 1 in Throwing
  4219 | D:6      | 4219 ||| Stepping ~*~*~tactically~*~*~ (stealth).
  4230 | D:6      | 4230 ||| Stepping ~*~*~tactically~*~*~ (stealth).
  4327 | D:6      | Found a blossoming altar of Fedhas.
  4578 | D:6      | Reached skill level 6 in Unarmed Combat
  4671 | D:6      | 4671 ||| Stepping ~*~*~tactically~*~*~ (hiding).
  4827 | D:6      | Found a glowing silver altar of Zin.
  4830 | D:6      | 4830 ||| INVOKING Fiery Armour.
  5051 | D:6      | 5051 ||| DROPPING ring of flight.
  5052 | D:6      | 5052 ||| UPGRADING to ring of positive energy.
  5205 | D:6      | 5205 ||| READING 2 scrolls of teleportation.
  5206 | D:6      | 5206 ||| STAIRDANCE
  5295 | D:7      | Noticed Menkaure
  5296 | D:7      | 5296 ||| Stepping ~*~*~tactically~*~*~ (hiding).
  5297 | D:7      | 5297 ||| Stepping ~*~*~tactically~*~*~ (hiding).
  5303 | D:7      | Killed Menkaure
  5304 | D:7      | Reached skill level 9 in Shields
  5416 | D:7      | 5416 ||| Stepping ~*~*~tactically~*~*~ (hiding).
  5419 | D:7      | 5419 ||| Stepping ~*~*~tactically~*~*~ (outnumbered).
  5422 | D:7      | Reached XP level 9. HP: 69/80 MP: 9/9
  5430 | D:7      | 5430 ||| FLEEEEING.
  5431 | D:7      | 5431 ||| FLEEEEING.
  5432 | D:7      | 5432 ||| FLEEEEING.
  5433 | D:7      | 5433 ||| FLEEEEING.
  5434 | D:7      | 5434 ||| FLEEEEING.
  5435 | D:7      | 5435 ||| FLEEEEING.
  5436 | D:7      | 5436 ||| FLEEEEING.
  5437 | D:7      | 5437 ||| FLEEEEING.
  5438 | D:7      | 5438 ||| FLEEEEING.
  5439 | D:7      | 5439 ||| FLEEEEING.
  5577 | D:7      | Found a bloodstained altar of Trog.
  5582 | D:7      | 5582 ||| Stepping ~*~*~tactically~*~*~ (hiding).
  5591 | D:7      | 5591 ||| Stepping ~*~*~tactically~*~*~ (hiding).
  5603 | D:7      | 5603 ||| INVOKING Fiery Armour.
  5604 | D:7      | HP: 16/80 [orc warrior/+0 glaive (20)]
  5605 | D:7      | 5605 ||| READING scroll of teleportation.
  5770 | D:7      | 5770 ||| Stepping ~*~*~tactically~*~*~ (stealth).
  5831 | D:7      | 5831 ||| Stepping ~*~*~tactically~*~*~ (stealth).
  5834 | D:7      | 5834 ||| Stepping ~*~*~tactically~*~*~ (hiding).
  5895 | D:7      | 5895 ||| Stepping ~*~*~tactically~*~*~ (stealth).
  6060 | D:7      | 6060 ||| UPGRADING to +0 acid dragon scales.
  6070 | D:7      | 6070 ||| DROPPING +0 robe.
  6071 | D:7      | 6071 ||| READING 4 scrolls labelled LACZAFAILO.
  6072 | D:7      | 6072 ||| DRINKING 2 glowing clear potions.
  6073 | D:7      | 6073 ||| DROPPING potion of flight.
  6122 | D:6      | 6122 ||| Stepping randomly (stuck).
  6170 | D:6      | 6170 ||| Stepping randomly (stuck).
  6201 | D:8      | Noticed Maurice
  6210 | D:8      | Noticed Amaemon
  6210 | D:8      | Noticed an orange demon
  6212 | D:8      | 6212 ||| INVOKING Fiery Armour.
  6215 | D:8      | Killed an orange demon
  6219 | D:8      | HP: 16/80 [Amaemon/+0 demon whip of venom (5)]
  6220 | D:8      | Slain by Amaemon

Levels and vault maps discovered:
D:1:      scummos_arrival_forest, layout_basic
D:2:      layout_loops_ring, hellmonk_ecumenical_altar_heavens_door,
          grunt_ministairs_2, dk_noncrumbling_2
D:3:      layout_basic
D:4:      layout_gridville, nicolae_qazlal_general_emergency,
          cheibrodos_gnoll_hut
D:5:      layout_basic, minmay_temple_entry_fiery, serial_corexii_hall,
          corexii_hall_statues_deadend, corexii_hall_statues_i,
          gammafunk_ghost_abyssal_escape, uniq_edmund
D:6:      layout_loops_ring, mainiacjoe_overflow_catwalk_spiral, nrook_campfire,
          grunt_ministairs_5
D:7:      layout_rooms, lemuel_doored_altar, chequers_jeans, uniq_menkaure
D:8:      layout_loops_ring, uniq_prince_ribbit1, uniq_erica, uniq_amaemon,
          uniq_maurice

Skill      XL: |  1  2  3  4  5  6  7  8  9 |
---------------+----------------------------+-----
Unarmed Combat | 4 5 6 7 |  7.3
Shields        | 2 3 4 6 7 9 |  9.5
Throwing       | 1 |  1.2
Armour         | 2 |  2.4
Fighting       | |  2.4
Spellcasting   | |  1.0
Fire Magic     | |  2.1

Action                   |  1- 3 |  4- 6 |  7- 9 || total
-------------------------+-------+-------+-------++-------
Melee: Unarmed           |   119 |   163 |   194 ||   476
Throw: Boomerang         |     2 |     4 |    29 ||    35
       Javelin           |       |    24 |     5 ||    29
Invok: Fiery Armour      |       |     2 |     6 ||     8
  Use: Scroll            |     2 |    12 |    11 ||    25
       Potion            |       |       |     1 ||     1
Armor: Robe              |    44 |    44 |    39 ||   127
       Acid dragon scale |       |       |     6 ||     6
Dodge: Dodged            |    38 |    40 |    37 ||   115
Block: Tower shield      |    20 |    73 |   110 ||   203

Table legend:
 A = Non-vault XP
 B = Vault XP
 C = Vault XP percentage of total XP
 D = Non-vault monster count
 E = Vault monster count
 F = Vault count percentage of total count
                 A         B        C        D         E       F
            +---------+---------+-------+---------+---------+-------
      Total |    2837 |    1029 |  26.6 |     132 |      13 |   9.0
            +---------+---------+-------+---------+---------+-------
        D:1 |      41 |       8 |  16.3 |      24 |       4 |  14.3
        D:2 |      71 |       2 |   2.7 |      24 |       1 |   4.0
        D:3 |     145 |       0 |   0.0 |      22 |       0 |   0.0
        D:4 |     328 |     100 |  23.4 |      19 |       3 |  13.6
        D:5 |     770 |     164 |  17.6 |      16 |       1 |   5.9
        D:6 |     649 |     196 |  23.2 |      11 |       2 |  15.4
        D:7 |     822 |     172 |  17.3 |      15 |       1 |   6.2
        D:8 |      11 |     387 |  97.2 |       1 |       1 |  50.0
            +---------+---------+-------+---------+---------+-------
